 Dungeon Crawl Stone Soup version 0.20.1-1-g8b1a95d (webtiles) character file.

46 Linguinho the Chucker (level 3, -4/35 HPs)
             Began as a Troll Hunter on Nov 14, 2017.
             Slain by an orc
             ... wielding a +0 mace
              (8 damage)
             ... on level 3 of the Dungeon.
             The game lasted 00:01:34 (1043 turns).

Linguinho the Chucker (Troll Hunter)                Turns: 1043, Time: 00:01:35

Health: -4/35      AC:  6    Str: 25    XL:     3   Next: 44%
Magic:  2/2        EV: 10    Int:  7    God:
Gold:   87         SH:  0    Dex: 10    Spells: 2/2 levels left

rFire    . . .     SeeInvis .   (no weapon)
rCold    . . .     Gourm    +   (no shield)
rNeg     . . .     Faith    .   b - +0 robe
rPois    .         Spirit   .   (helmet restricted)
rElec    .         Reflect  .   h - +0 cloak
rCorr    .         Harm     .   (gloves unavailable)
MR       .....                  (boots unavailable)
Stlth    +.........             (no amulet)
Regen    0.6/turn               a - +4 ring of strength
MPRegen  0.1/turn               (no ring)

@: no status effects
A: unfitting armour, claws 3, fast metabolism 3, gourmand, regeneration 1,
shaggy fur 1, tough skin 2
a: no special abilities


You were on level 3 of the Dungeon.
You were full.

You visited 1 branch of the dungeon, and saw 3 of its levels.

You collected 87 gold pieces.

Inventory:

Hand Weapons
 m - a +0 club
Missiles
 c - 5 large rocks (quivered)
 d - 2 throwing nets
Armour
 b - a +0 robe (worn)
 h - a +0 cloak (worn)
Jewellery
 a - a +4 ring of strength (left claw)
Scrolls
 g - 4 scrolls of identify {unknown}
 k - a scroll of teleportation {unknown}
 l - a scroll of magic mapping {unknown}
 n - a scroll of fear {unknown}
 q - a scroll of amnesia {unknown}
Potions
 e - a potion of flight {unknown}
 i - a potion of haste {unknown}
 j - a potion of heal wounds {unknown}
 o - a potion of curing {unknown}
Comestibles
 f - 2 bread rations


   Skills:
 + Level 1.8 Fighting
 * Level 0.6 Maces & Flails
 * Level 4.2 Throwing
 + Level 1.9 Dodging
 + Level 0.4 Stealth
 + Level 0.4 Unarmed Combat


You had 2 spell levels left.
You didn't know any spells.

Dungeon Overview and Level Annotations

Branches:
Dungeon (3/15)

Altars:
Gozag


Innate Abilities, Weirdness & Mutations

You are too large for most types of armour.
You have claws for hands.
Your metabolism is lightning-fast.
You like to eat raw meat.
Your natural rate of healing is unusually fast.
You are covered in fur. (AC +1)
You have very tough skin. (AC +2)


Message History

You are too injured to fight recklessly!
You are too injured to fight recklessly!
You are too injured to fight recklessly!
You are too injured to fight recklessly!
You are too injured to fight recklessly!
You are too injured to fight recklessly!
You are too injured to fight recklessly!
You are too injured to fight recklessly!
You are too injured to fight recklessly!
The orc priest calls upon Beogh to heal the orc.
The orc's wounds heal themselves!
You claw the orc!
You kill the orc!
The orc priest invokes the aid of Beogh against you.
Beogh smites you!
* * * LOW HITPOINT WARNING * * *
Things that are here:
a runed leather armour; a tomahawk; a scale mail You barely miss the orc priest.
The orc hits you with a mace!
You die...

#.# #### ... .. ....
.... #####.##.. ....
.......... .....
.........##...
..........(.#
........o.o.#
#...#.)@o#
...##....##
#........# ....
.......#..# .......
.#.#####(.###........
# #.....##........
#....(##........
#...#..#........
##..............


You could see an orc priest and 2 orcs.

Vanquished Creatures
  An adder (D:2)
  An ooze (D:1)
  2 orcs (D:3)
  3 giant cockroaches
  5 goblins
  A hobgoblin (D:2)
  8 kobolds
  6 bats
  A frilled lizard (D:2)
  2 rats
30 creatures vanquished.

Notes
Turn   | Place    | Note
-------+----------+-------------------------------------------
     0 | D:1      | Linguinho the Troll Hunter began the quest for the Orb.
     0 | D:1      | Reached XP level 1. HP: 19/19 MP: 0/0
   201 | D:1      | Reached XP level 2. HP: 28/28 MP: 1/1
   296 | D:1      | Reached skill level 4 in Throwing
   379 | D:2      | Found an opulent altar of Gozag.
   796 | D:2      | Reached XP level 3. HP: 35/35 MP: 2/2
   891 | D:2      | Found a faded altar of an unknown god.
  1043 | D:3      | Slain by an orc

Skill      XL: |  1  2 |
---------------+-------+-----
Throwing       | 4 |  4.2
Fighting       | |  1.8
Maces & Flails | |  0.6
Dodging        | |  1.9
Stealth        | |  0.4
Unarmed Combat | |  0.4

Action                   || total
-------------------------++-------
Melee: Unarmed           ||    84
Throw: Tomahawk          ||     6
 Stab: Sleeping          ||     1
  Eat: Chunk             ||    12
Armor: Robe              ||    31
Dodge: Dodged            ||    58
